 Dungeon Crawl Stone Soup version 0.29-a0-878-g7b45a56547 (console) character file.

Game seed: 11253475071113546076

63 capslocke the Insei (level 4, -1/28 HPs)
             Began as an Octopode Transmuter on July 20, 2022.
             Was a Believer of Cheibriados.
             Slain by Sigmund
             ... wielding a +0 scythe
              (9 damage)
             ... on level 2 of the Dungeon.
             The game lasted 00:06:12 (1672 turns).

capslocke the Insei (Octopode Transmuter)           Turns: 1672, Time: 00:06:13

Health: -1/28      AC:  1    Str: 16    XL:     4   Next: 9%
Magic:  3/7        EV: 14    Int: 20    God:    Cheibriados [**....]
Gold:   80         SH:  0    Dex: 17    Spells: 5/8 levels left

rFire   . . .      SeeInvis .     - Unarmed
rCold   . . .      Faith    .   (no shield)
rNeg    . . .      Spirit   .   (helmet currently unavailable)
rPois   .          Reflect  .   (no amulet)
rElec   .          Harm     .   j - ring of willpower
rCorr   .          Rampage  .   (no ring)
Will    +....                   (no ring)
Stlth   +++.......              (no ring)
HPRegen 0.09/turn               (no ring)
MPRegen 0.10/turn               (no ring)
                                (no ring)
                                (no ring)

@: appendages (expiring), wereblooded, very slow
A: tentacle spike 3, almost no armour, amphibious, 8 rings, camouflage 1,
gelatinous body 1, (nimble swimmer 1), tentacles
a: End Transformation, Renounce Religion, Bend Time


You were on level 2 of the Dungeon.
You worshipped Cheibriados.
Cheibriados was pleased with you.
One of your tentacles had grown a beastly spike.
You visited 1 branch of the dungeon, and saw 2 of its levels.

You collected 80 gold pieces.

Inventory:

Missiles
 e - 2 throwing nets
Jewellery
 j - a ring of willpower (left tentacle)
Scrolls
 b - a scroll of identify {unknown}
 c - a scroll of blinking {unknown}
 d - a scroll of teleportation {unknown}
 f - a scroll of noise {unknown}
 g - a scroll of summoning {unknown}
 h - a scroll of silence {unknown}
Potions
 a - 2 potions of lignification
 i - a potion of attraction {unknown}
 k - a potion of heal wounds {unknown}
 l - a potion of ambrosia {unknown}


   Skills:
 + Level 1.1 Fighting
 + Level 2.5 Dodging
 + Level 2.2 Stealth
 + Level 3.4 Unarmed Combat
 + Level 2.6 Spellcasting
 + Level 2.3 Transmutations


You had 5 spell levels left.
You knew the following spells:

 Your Spells              Type           Power      Damage    Failure   Level
a - Beastly Appendage     Tmut           22%        N/A       6%          1
b - Wereblood             Tmut           11%        N/A       9%          2

Your spell library contained the following spells:

 Spells                   Type           Power      Damage    Failure   Level
 Spider Form              Tmut/Pois      7%         N/A       28%         3
 Ice Form                 Ice/Tmut       7%         N/A       67%         4


Dungeon Overview and Level Annotations

Branches:
Dungeon (2/15)

Altars:
Cheibriados
Makhleb

Shops:
D:2 [

Annotations:
D:2 Sigmund


Innate Abilities, Weirdness & Mutations

One of your tentacles has grown a beastly spike.
You cannot wear most types of armour.
You are amphibious.
You can wear up to eight rings at the same time.
Your skin changes colour to match your surroundings (Stealth+).
Your rubbery body absorbs attacks. (AC +1, EV +1)
((You are camouflaged when in or above water. (Stealth+)))
You have tentacles for arms and can constrict up to eight enemies at once.


Message History

You tentacle-slap the jackal. You grab the jackal.
Your tentacle spike misses the jackal.
The jackal is heavily wounded.
You constrict the jackal, but do no damage.
The jackal barely misses you. The hobgoblin closely misses you.
You tentacle-slap the jackal.
You squeeze the jackal, but do no damage.
The jackal is severely wounded.
You howl as the wereblood boils in your veins!
You constrict the jackal.
The jackal bites you but does no damage.
The hobgoblin closely misses you. Something barely misses you.
The jackal closely misses you.
You tentacle-slap the jackal.
You feel a bit better.
You kill the jackal!
Cheibriados appreciates the change of pace.
You howl as the wereblood boils in your veins!
The hobgoblin closely misses you.
You don't have enough magic at the moment.
You tentacle-slap the hobgoblin. You grab the hobgoblin.
You squeeze the hobgoblin.
You feel a bit better.
You kill the hobgoblin!
Cheibriados thoroughly appreciates the change of pace.
Something hits you!
You tentacle-slap the jackal but do no damage.
You grab the jackal.
Your tentacle spike misses the jackal.
You squeeze the jackal.
The jackal is almost dead.
Your transformation is almost over.
You constrict the jackal, but do no damage.
The jackal misses you.
You bludgeon the jackal!
You feel a bit better.
You kill the jackal!
Cheibriados appreciates the change of pace.
Something barely misses you. Something hits you!
* * * LOW HITPOINT WARNING * * *
You see here a jackal corpse.
Something hits you!
You die...

##..#
#.#####.#.#
##..#
#.......#.#
....#
####.####.#
....# #.# #.#
###.#
#.####.# #.#
##......#####
#.#
#...........#
###.#
#.####.†8##.#
....# #.
#(†@# .##.#
#. #.8.∩.8.#
.##.#
#........##.#
.##.#
#..###..8# #
..#.# #.<#
#.... ....#
###..# ##.###
....##.##..#
#.#
...##..h..
#.# ..## ....


There were no monsters in sight!

Vanquished Creatures
  An adder (D:2)
  2 worms (D:2)
  5 bats
  4 endoplasms (D:1)
  2 giant cockroaches (D:1)
  2 goblins (D:1)
  4 hobgoblins
  9 jackals
  2 quokkas (D:1)
  4 ball pythons
  4 kobolds
  2 rats
41 creatures vanquished.

Notes
Turn   | Place    | Note
-------+----------+-------------------------------------------
     0 | D:1      | capslocke the Octopode Transmuter began the quest for the
                  | Orb.
     0 | D:1      | Reached XP level 1. HP: 13/13 MP: 3/3
   346 | D:1      | Reached XP level 2. HP: 18/18 MP: 3/5
   469 | D:1      | Found a faded altar of an unknown god.
   490 | D:1      | Prayed at the altar of an unknown god.
   490 | D:1      | Became a worshipper of Cheibriados the Contemplative
   490 | D:1      | Reached * piety under Cheibriados
   717 | D:1      | Reached skill level 1 in Stealth
   807 | D:1      | Learned a level 2 spell: Wereblood
   996 | D:1      | Reached XP level 3. HP: 23/23 MP: 4/6
  1303 | D:2      | Found a burning altar of Makhleb.
  1314 | D:2      | Reached ** piety under Cheibriados
  1633 | D:2      | Reached XP level 4. HP: 26/28 MP: 5/7
  1656 | D:2      | Found Qicuasoz's Antique Armour Shoppe.
  1661 | D:2      | Noticed Sigmund
  1672 | D:2      | Slain by Sigmund

Illustrated notes

Levels and vault maps discovered:
D:1:      psy_arrival_conway, layout_basic,
          hellmonk_ecumenical_altar_arch_garden
D:2:      layout_loops_ring, serial_shops, nicolae_shop_statue_plus,
          basic_altar, uniq_sigmund

Skill      XL: |  1  2  3 |
---------------+----------+-----
Stealth        | 1 2 |  2.2
Fighting       | |  1.1
Dodging        | |  2.5
Unarmed Combat | |  3.4
Spellcasting   | |  2.6
Transmutations | |  2.3

Action                   |  1- 3 |  4- 6 || total
-------------------------+-------+-------++-------
Melee: Unarmed           |    69 |     7 ||    76
       Constrict         |    23 |     4 ||    27
       Tentacles         |    12 |     3 ||    15
       Kick              |    14 |     1 ||    15
       Punch             |     2 |       ||     2
 Cast: Beastly Appendage |    22 |     1 ||    23
       Wereblood         |     3 |     2 ||     5
 Stab: Sleeping          |     6 |       ||     6
Armor: Skin              |     8 |     1 ||     9
Dodge: Dodged            |    48 |    13 ||    61

Table legend: (Time is in decaauts)
 A = Elapsed time spent in this place.
 B = Non-inter-level travel time spent in this place.
 C = Inter-level travel time spent in this place.
 D = Time resting spent in this place.
 E = Time spent auto-exploring this place.
 F = Levels seen in this place.
 G = Mean time per level.
                   A        B        C        D        E       F      G
               +--------+--------+--------+--------+--------+-----+--------+
         Total |   1954 |   1947 |      7 |    111 |   1540 |   2 |  977.0 |
       Dungeon |   1954 |   1947 |      7 |    111 |   1540 |   2 |  977.0 |
               +--------+--------+--------+--------+--------+-----+--------+

Top non-repeatable levels by time:
     D:1: 1498 daAuts
     D:2: 456 daAuts
